 Dungeon Crawl Stone Soup version 0.23.2-1-ga50397a (webtiles) character file.

Game seed: 6184276294162962961

200 MalarOregon the Digger (level 5, -1/41 (42) HPs)
             Began as a Ghoul Earth Elementalist on May 26, 2019.
             Slain by an orc wizard
             ... wielding a +0 dagger
              (2 damage)
             ... on level 4 of the Dungeon.
             The game lasted 00:04:14 (2314 turns).

MalarOregon the Digger (Ghoul Earth Elementalist)   Turns: 2314, Time: 00:04:14

HP:   -1/41 (42)    AC:  3    Str: 12    XL:     5   Next: 79%
MP:   1/8           EV: 12    Int: 11    God:
Gold: 122           SH:  0    Dex:  9    Spells: 8/9 levels left

rFire    . . .     SeeInvis .   h - +0 dagger
rCold    + . .     Gourm    .   (no shield)
rNeg     + + +     Faith    .   c - +0 robe
rPois    ∞         Spirit   .   (no helmet)
rElec    .         Reflect  .   d - +0 cloak
rCorr    .         Harm     .   (no gloves)
MR       .....                  (no boots)
Stlth    ++........             (no amulet)
HPRegen  0.00/turn              (no ring)
MPRegen  0.11/turn              (no ring)

@: rotting
A: rotting body, claws 1, carnivore, cold resistance 1, negative energy
resistance 3, inhibited regeneration, torment resistance, unbreathing
a: no special abilities


You were on level 4 of the Dungeon.
You were not hungry.

You visited 1 branch of the dungeon, and saw 4 of its levels.

You collected 122 gold pieces.

Inventory:

Hand Weapons
 h - a +0 dagger (weapon)
   (You took it off a goblin on level 1 of the Dungeon)
Missiles
 b - 61 stones (quivered)
Armour
 c - a +0 robe (worn)
 d - a +0 cloak (worn)
   (You found it on level 2 of the Dungeon)
 l - a +0 pair of boots
   (You found it on level 3 of the Dungeon)
Wands
 x - a wand of acid (4)
   (You found it on level 3 of the Dungeon)
Scrolls
 a - a scroll of remove curse {unknown}
 f - 2 scrolls of identify {unknown}
 k - a scroll of fear {unknown}
Potions
 g - 4 potions of brilliance {unknown}
 j - a potion of cancellation {unknown}
 m - a potion of heal wounds {unknown}
 n - a potion of curing {unknown}
Comestibles
 e - 3 rations {!d}


   Skills:
 + Level 2.3 Fighting
 + Level 2.8 Dodging
 + Level 3.5 Stealth
 + Level 2.6 Spellcasting
   Level 0.8 Transmutations
 + Level 4.2 Earth Magic


You had 8 spell levels left.
You knew the following spells:

 Your Spells              Type           Power        Failure   Level  Hunger
a - Sandblast             Erth           ##....       4%          1    ##.....

Your spell library contained the following spells:

 Spells                   Type           Power        Failure   Level  Hunger
 Passwall                 Tmut/Erth      #.......     14%         2    ###....
 Stone Arrow              Conj/Erth      #.....       34%         3    ####...
 Petrify                  Tmut/Erth      #.......     67%         4    #####..
 Lee's Rapid Deconstruct  Erth           ##........   80%         5    ######.


Dungeon Overview and Level Annotations

Branches:
Dungeon (4/15)
 Temple: D:4-7

Altars:
Ashenzari

Annotations:
D:2 1 runed translucent door, Crazy Yiuf


Innate Abilities, Weirdness & Mutations

Your body is rotting away.
You thrive on raw meat.
You are immune to poison.
You have sharp fingernails.
You are carnivorous and can eat meat at any time.
Your flesh is cold resistant. (rC+)
You are immune to negative energy. (rN+++)
You do not regenerate when monsters are visible.
You are immune to unholy pain and torment.
You can survive without breathing.


Message History

The orc wizard blinks!
You closely miss the river rat. The river rat bites you!
* * * LOW HITPOINT WARNING * * *
You hit the river rat. The river rat bites you.
* * * LOW HITPOINT WARNING * * *
Aim: a river rat (moderately wounded)
The blast of sand hits the river rat.
b - 63 stones The river rat bites you.
* * * LOW HITPOINT WARNING * * *
Aim: a river rat (severely wounded)
The blast of sand hits the river rat!
You kill the river rat!
b - 62 stones The orc wizard gestures wildly while chanting.
The orc wizard blinks!
There is an open door here.
An orc wizard appears from thin air!
Reactivating autopickup.
The orc wizard casts a spell.
The orc wizard flickers and vanishes!
Deactivating autopickup; reactivate with Ctrl-A.
You feel your flesh rotting away. The orc wizard casts a spell at you.
The magic dart hits something.
You hear some strange, mumbled words.
A puff of flame appears from out of thin air!
The puff of flame misses you. Something hits you but does no damage.
There is a stone staircase leading down here.
Unknown command.
The kobold barely misses you. Something hits you.
* * * LOW HITPOINT WARNING * * *
You climb downwards.
Reactivating autopickup.
Found a scroll labeled JYJARA SEGHI.
There is a stone staircase leading up here.
Unknown command.
Aim: a kobold The blast of sand hits the kobold!
You kill the kobold!
b - 61 stones You hear some strange, mumbled words.
A puff of flame appears from out of thin air!
Deactivating autopickup; reactivate with Ctrl-A.
The puff of flame misses you.
You start resting.
Something hits you.
You die...

#.....#
#####.....####+
...............
...............
...............
...............
.?.............
.......@..#
..........+
##........#
#........#
#........+
#........#
#........#
#.........


There were no monsters in sight!

Vanquished Creatures
  An ogre (D:3)
  An adder (D:2)
  A river rat (D:3)
  4 oozes
  6 dart slugs
  3 leopard geckos
  3 orcs (D:3)
  2 giant cockroaches
  9 goblins
  8 hobgoblins
  4 quokkas (D:2)
  9 bats
  A frilled lizard (D:3)
  5 kobolds
  4 rats
61 creatures vanquished.

Notes
Turn   | Place    | Note
-------+----------+-------------------------------------------
     0 | D:1      | MalarOregon the Ghoul Earth Elementalist began the quest
                  | for the Orb.
     0 | D:1      | Reached XP level 1. HP: 14/14 MP: 2/2
    77 | D:1      | Reached XP level 2. HP: 22/22 MP: 0/3
   481 | D:1      | Reached skill level 1 in Fighting
   506 | D:1      | Reached XP level 3. HP: 21/28 MP: 5/5
  1060 | D:2      | Reached XP level 4. HP: 33/35 MP: 1/6
  1122 | D:2      | Found a runed translucent door.
  1123 | D:2      | Noticed Crazy Yiuf
  1411 | D:2      | Found a shattered altar of Ashenzari.
  1784 | D:3      | Noticed an ogre
  1806 | D:3      | Killed an ogre
  1806 | D:3      | Reached skill level 4 in Earth Magic
  1806 | D:3      | Reached XP level 5. HP: 10/41 MP: 0/7
  2295 | D:3      | HP: 2/41 [river rat (1)]
  2311 | D:3      | HP: 1/41 [something (1)]
  2314 | D:4      | Slain by an orc wizard

Skill      XL: |  1  2  3  4 |
---------------+-------------+-----
Dodging        | 2 |  2.8
Spellcasting   | 2 |  2.6
Fighting       | 1 2 |  2.3
Stealth        | 3 |  3.5
Earth Magic    | 4 |  4.2
Transmutations | |  0.8

Action                   |  1- 3 |  4- 6 || total
-------------------------+-------+-------++-------
Melee: Unarmed           |    16 |       ||    16
       Dagger            |    50 |   122 ||   172
 Cast: Sandblast         |    29 |    29 ||    58
 Stab: Sleeping          |     2 |     3 ||     5
  Eat: Chunk             |     2 |     6 ||     8
Armor: Robe              |    15 |    27 ||    42
Dodge: Dodged            |    57 |   100 ||   157
